 Dungeon Crawl Stone Soup version 0.27-a0-1595-g0b823d0a13 (webtiles) character file.

Game seed: 13155800467010489373

1171 flotson the Skirmisher (level 8, -7/62 HPs)
             Began as a Demonspawn Delver on July 21, 2021.
             Engulfed by a cloud of freezing vapour (13 damage)
             ... on level 5 of the Dungeon.
             The game lasted 00:10:19 (6385 turns).

flotson the Skirmisher (Demonspawn Delver)          Turns: 6385, Time: 00:10:20

Health: -7/62      AC:  5    Str: 15    XL:     8   Next: 18%
Magic:  8/8        EV: 13    Int: 11    God:
Gold:   285        SH:  0    Dex: 15    Spells: 7/7 levels left

rFire    + . .     SeeInvis .   b - +2 whip (elec)
rCold    + . .     Faith    .   (no shield)
rNeg     . . .     Spirit   .   n - +2 robe {rC+ rF+}
rPois    .         Reflect  .   (helmet restricted)
rElec    .         Harm     .   k - +0 cloak
rCorr    .         Rampage  .   (no gloves)
Will     .....                  (no boots)
Stlth    +++.......             (no amulet)
HPRegen  0.20/turn              (no ring)
MPRegen  0.11/turn              (no ring)

@: attractive
A: claws 1, foul stench 1, powered by death 2, antennae 1
a: no special abilities


You were on level 5 of the Dungeon.
You visited 1 branch of the dungeon, and saw 5 of its levels.

You collected 285 gold pieces.

Inventory:

Hand Weapons
 a - a +0 war axe
 b - a +2 whip of electrocution (weapon)
Missiles
 q - 13 boomerangs (quivered)
Armour
 i - a scarf of harm
 k - a +0 cloak (worn)
 n - a +2 robe of resistance (worn)
Wands
 e - a wand of paralysis (2)
 g - a wand of digging (3)
 s - a wand of polymorph (7)
Scrolls
 c - a scroll of fog
 f - 3 scrolls of amnesia {unknown}
 j - a scroll of identify {unknown}
 p - a scroll of magic mapping
 r - a scroll of vulnerability {unknown}
Potions
 h - a potion of flight
 o - a potion of curing


   Skills:
 + Level 5.3 Fighting
 + Level 4.3 Axes
 + Level 2.2 Throwing
 + Level 3.7 Armour
 + Level 4.3 Dodging
 - Level 4.5 Stealth
 + Level 2.6 Evocations


You had 7 spell levels left.
You didn't know any spells.
Your spell library contained the following spells:

 Spells                   Type           Power      Damage    Failure   Level
 Leda's Liquefaction      Hex/Erth       0%         N/A       98%         4
 Summon Ice Beast         Ice/Summ       0%         N/A       98%         4
 Bolt of Magma            Conj/Fire/Erth 0%         4d4       100%        5
 Summon Mana Viper        Hex/Summ       0%         N/A       100%        5
 Statue Form              Tmut/Erth      0%         N/A       100%        6
 Monstrous Menagerie      Summ           0%         N/A       100%        7


Dungeon Overview and Level Annotations

Branches:
Dungeon (5/15)
 Temple: D:4-7

Altars:
Dithmenos
Fedhas
Okawaru
Qazlal
Ru
Trog
The Shining One


Innate Abilities, Weirdness & Mutations

You have sharp fingernails.
You may rarely emit foul miasma when damaged in melee.
You regenerate health from kills.
You have a pair of small antennae on your head.


Message History

No target in view!
No target in view!
No target in view!
No target in view!
No target in view!
No target in view!
q - 13 boomerangs (gained 3)
Items here: ))))) [[[ ††††.
Okay, then.
Items here: ))))) [[[ ††††.
Found 8 gold pieces.
Found 15 gold pieces.
Found 12 gold pieces.
You open the door.
Really walk into a travel-excluded area?
There is an open door here.
You are engulfed in freezing vapours.
You resist.
You are engulfed in freezing vapours.
You resist.
There is an open door here.
You start resting.
HP restored.
You are engulfed in freezing vapours.
You resist.
You are engulfed in freezing vapours.
You resist.
You are engulfed in freezing vapours.
You resist.
You are engulfed in freezing vapours.
You resist.
You are engulfed in freezing vapours.
You resist.
You start resting.
You are engulfed in freezing vapours.
You resist.
* * * LOW HITPOINT WARNING * * *
It was a potion of attraction.
You feel attractive to monsters.
It was a potion of mutation.
You feel extremely strange. A pair of antennae grows on your head!
Okay, then.
You are engulfed in freezing vapours.
You resist.
* * * LOW HITPOINT WARNING * * *
This is a scroll of acquirement!
Something appears at your feet!
You are engulfed in freezing vapours.
You resist.
You die...

.####.........###########
#.# .# ###############
#.# .# ####### #####.#
.#### ##..☼## #.....#
....# ##.#☼## #.#####
###.# ##.#☼## #.# #.#
##.#☼## #.# #.# ##.#☼##
####.# ###.# ##.#@##
#....# ....# ##.#☼##
#.#### ##### ##.#☼## #.#
....# ##.#.## #.# ....#
##☼#.## #.# ...(# ##☼#.##
#.# ....# ##☼#.## #.#
....# ##☼#.## #.# ....#
##.#.## #.#


There were no monsters in sight!

Vanquished Creatures
  A water moccasin (D:5)
  2 black bears
  An ogre (D:5)
  A necrophage (D:4)
  A scorpion (D:5)
  A water moccasin skeleton (D:4)
  2 bullfrog zombies (D:5)
  2 hounds
  2 orc priests
  A gnoll shaman (D:2)
  An iguana (D:5)
  Ijyb (D:3)
  Jessica (D:3)
  2 orc wizards
  A hound zombie (D:5)
  A hound skeleton (D:5)
  7 adders
  6 gnolls
  An ufetubus (D:5)
  An adder skeleton (D:4)
  3 worms (D:3)
  A dart slug (D:1)
  11 orcs
  5 bats
  9 endoplasms
  A giant cockroach (D:4)
  8 goblins
  5 hobgoblins
  8 jackals
  5 kobolds
  A quokka (D:1)
  6 ball pythons
  3 frilled lizards
  9 rats
111 creatures vanquished.

Notes
Turn   | Place    | Note
-------+----------+-------------------------------------------
     0 | D:5      | flotson the Demonspawn Delver began the quest for the Orb.
     0 | D:5      | Reached XP level 1. HP: 18/18 MP: 1/1
    37 | D:5      | Gained mutation: You regenerate a little health from kills.
                  | [demonic ancestry]
    37 | D:5      | Reached XP level 2. HP: 9/24 MP: 2/2
   243 | D:5      | Found an iron altar of Okawaru.
   338 | D:5      | Noticed a necrophage
   780 | D:2      | Reached skill level 1 in Armour
   783 | D:2      | Gained mutation: You may rarely emit foul miasma when
                  | damaged in melee. [demonic ancestry]
   783 | D:2      | Reached XP level 3. HP: 29/29 MP: 3/3
  1358 | D:1      | Found a faded altar of an unknown god.
  1478 | D:2      | Reached XP level 4. HP: 16/36 MP: 4/4
  2421 | D:2      | Reached XP level 5. HP: 36/42 MP: 5/5
  2908 | D:3      | Reached skill level 4 in Fighting
  3733 | D:3      | Noticed Ijyb
  3734 | D:3      | Paralysed by Ijyb for 5 turns
  3744 | D:3      | Paralysed by Ijyb for 7 turns
  3757 | D:3      | Killed Ijyb
  3758 | D:3      | Reached XP level 6. HP: 36/48 MP: 6/6
  3813 | D:3      | Noticed Jessica
  3819 | D:3      | Killed Jessica
  4157 | D:4      | Found a blossoming altar of Fedhas.
  4164 | D:4      | Found a shadowy altar of Dithmenos.
  4166 | D:4      | Found a bloodstained altar of Trog.
  4168 | D:4      | Found a stormy altar of Qazlal.
  4456 | D:4      | Reached skill level 1 in Evocations
  4834 | D:4      | Reached skill level 1 in Throwing
  4834 | D:4      | Gained mutation: You regenerate health from kills. [demonic
                  | ancestry]
  4834 | D:4      | Reached XP level 7. HP: 49/55 MP: 7/7
  5290 | D:5      | Reached skill level 5 in Fighting
  5885 | D:5      | Found a sacrificial altar of Ru.
  5947 | D:5      | Gained mutation: You have sharp fingernails. [demonic
                  | ancestry]
  5947 | D:5      | Reached XP level 8. HP: 62/62 MP: 8/8
  6379 | D:5      | Gained mutation: You have a pair of small antennae on your
                  | head. [potion of mutation]
  6385 | D:5      | Identified a scroll of acquirement
  6385 | D:5      | Acquired the +8 Wrath of Trog {antimagic, *Rage Rampage}
  6385 | D:5      | Engulfed by a cloud of freezing vapour

Illustrated notes

Levels and vault maps discovered:
D:1:      grunt_arrival_lava_bath, layout_rooms,
          dilly_ecumenical_altar_fadedgnrine
D:2:      layout_rooms
D:3:      layout_rooms, kennysheep_flooded_box, uniq_ijyb, uniq_jessica
D:4:      layout_gridville, chequers_temple_overflow_minitemple
D:5:      lemuel_ice_spiral_2, layout_basic, nicolae_ru_path_of_blood,
          okawaru_trees_1

Skill      XL: |  1  2  3  4  5  6  7 |
---------------+----------------------+-----
Axes           | 2 3 4 |  4.3
Dodging        | 2 3 4 |  4.3
Armour         | 1 2 3 |  3.7
Fighting       | 4 5 |  5.3
Evocations     | 1 2 |  2.6
Throwing       | 1 2 |  2.2
Stealth        | |  4.5

Action                   |  1- 3 |  4- 6 |  7- 9 || total
-------------------------+-------+-------+-------++-------
Melee: Hand axe          |    15 |       |       ||    15
       War axe           |    82 |    49 |       ||   131
       Whip              |       |   119 |   105 ||   224
Throw: Boomerang         |       |       |     5 ||     5
Evoke: Wand              |       |     2 |       ||     2
  Use: Potion            |     1 |     3 |     2 ||     6
       Scroll            |     2 |     1 |     1 ||     4
 Stab: Sleeping          |     4 |     6 |       ||    10
       Paralysed         |       |     3 |       ||     3
Armor: Leather armour    |    23 |       |       ||    23
       Ring mail         |    15 |    37 |       ||    52
       Robe              |       |    31 |    23 ||    54
Dodge: Dodged            |    84 |   144 |    60 ||   288

Table legend: (Time is in decaauts)
 A = Elapsed time spent in this place.
 B = Non-inter-level travel time spent in this place.
 C = Inter-level travel time spent in this place.
 D = Time resting spent in this place.
 E = Time spent auto-exploring this place.
 F = Levels seen in this place.
 G = Mean time per level.
                   A        B        C        D        E       F      G
               +--------+--------+--------+--------+--------+-----+--------+
         Total |   6428 |   6263 |    165 |   1004 |   4123 |   5 | 1285.6 |
       Dungeon |   6428 |   6263 |    165 |   1004 |   4123 |   5 | 1285.6 |
               +--------+--------+--------+--------+--------+-----+--------+

Top non-repeatable levels by time:
     D:2: 1896 daAuts
     D:5: 1640 daAuts
     D:4: 1144 daAuts
     D:3: 946 daAuts
     D:1: 801 daAuts
